 Dungeon Crawl Stone Soup version 0.26.1-2-gb8aa6d0cf2 (webtiles) character file.

Game seed: 9214350076295156423

399 jlumianski the Chopper (level 6, -2/55 HPs)
             Began as a Palentonga Fighter on Feb 11, 2021.
             Slain by a yak (13 damage)
             ... on level 3 of the Dungeon.
             The game lasted 00:10:22 (3047 turns).

jlumianski the Chopper (Palentonga Fighter)         Turns: 3047, Time: 00:10:22

Health: -2/55      AC:  9    Str: 21    XL:     6   Next: 53%
Magic:  6/6        EV:  6    Int:  8    God:
Gold:   123        SH:  9    Dex: 10    Spells: 5/5 levels left

rFire    . . .     SeeInvis +   u - +0 war axe (vorpal)
rCold    . . .     Faith    .   c - +0 kite shield
rNeg     . . .     Spirit   .   b - +0 scale mail
rPois    .         Reflect  .   (no helmet)
rElec    .         Harm     .   x - +0 cloak
rCorr    .         Rampage  .   r - +0 pair of gloves
Will     .....                  (no barding)
Stlth    ..........             (no amulet)
HPRegen  0.18/turn              (no ring)
MPRegen  0.10/turn              (no ring)

@: no status effects
A: large, rugged brown scales 3, see invisible, deformed body, roll 1, armoured
tail
a: Rolling Charge


You were on level 3 of the Dungeon.
You visited 1 branch of the dungeon, and saw 4 of its levels.

You collected 123 gold pieces.

Inventory:

Hand Weapons
 a - a +0 war axe
 d - a +4 quarterstaff of chaos
 u - a +0 vorpal war axe (weapon)
 v - a +1 short sword of flaming
Missiles
 g - 126 stones
 s - 2 javelins
 w - 18 poisoned darts (quivered)
Armour
 b - a +0 scale mail (worn)
 c - a +0 kite shield (worn)
 r - a +0 pair of gloves (worn)
 x - a +0 cloak (worn)
Scrolls
 i - a scroll of enchant armour {unknown}
 j - a scroll of noise {unknown}
 k - 2 scrolls of remove curse
 m - a scroll of identify
 n - a scroll of teleportation
 o - a scroll of random uselessness {unknown}
 p - 3 scrolls of enchant weapon {unknown}
 q - a scroll of amnesia {unknown}
Potions
 e - a potion of flight
 f - a potion of resistance {unknown}
 h - a potion of haste {unknown}
 l - a potion of heal wounds {unknown}
 t - a potion of mutation {unknown}


   Skills:
 + Level 3.8 Fighting
 + Level 4.3 Axes
 + Level 4.0 Armour
 + Level 1.4 Dodging
 + Level 0.1 Stealth
 + Level 3.1 Shields


You had 5 spell levels left.
You didn't know any spells.
Your spell library was empty.

Dungeon Overview and Level Annotations

Branches:
Dungeon (4/15)
 Temple: D:4-7

Altars:
Gozag
Trog


Innate Abilities, Weirdness & Mutations

You are completely covered in rugged brown scales. (AC +3, +7% HP)
You have supernaturally acute eyesight. (SInv)
Armour fits poorly on your strangely shaped body.
You can roll at nearby foes to attack.
You have a long armoured tail.


Message History

The yak is almost dead.
You block the yak's attack. x2
You barely miss the yak.
The yak is almost dead.
The yak completely misses you.
You hit the yak but do no damage.
The yak is almost dead.
You block the yak's attack.
You barely miss the yak.
You tail-slap the yak, but do no damage.
The yak is almost dead.
The yak gores you! The yak gores you but does no damage.
You hit the yak but do no damage.
The yak is almost dead.
The yak gores you!
* * * LOW HITPOINT WARNING * * *
Your shield and scale mail prevent you from hitting the yak.
The yak is almost dead.
The yak gores you!
You die...

###.(#.## #.# ##.#.#
#####.# #.#)# #.....#
####.#.# #...###
.......# ###..##
###...## ##..###### #
#...# ##...##...## #
#...# ##..........##
###...# #......@.....#
......####......Y.....#
......................#
###.....###..........##
......#..###...##...##
#####......########## #
#...........### ###
#.............#
..###..........####


You could see a yak.

Vanquished Creatures
  Menkaure (D:4)
  An ogre (D:4)
  A bullfrog (D:3)
  Crazy Yiuf (D:3)
  2 adders
  4 worms
  2 dart slugs
  2 leopard geckos
  4 orcs (D:3)
  3 ball pythons
  7 bats
  9 giant cockroaches
  7 goblins
  5 hobgoblins
  2 quokkas (D:3)
  9 frilled lizards
  4 kobolds
  5 rats
69 creatures vanquished.

Notes
Turn   | Place    | Note
-------+----------+-------------------------------------------
     0 | D:1      | jlumianski the Palentonga Fighter began the quest for the
                  | Orb.
     0 | D:1      | Reached XP level 1. HP: 20/20 MP: 1/1
   150 | D:1      | You fall into a shaft and drop 1 floor!
   239 | D:2      | Reached XP level 2. HP: 27/27 MP: 2/2
   304 | D:2      | Found a bloodstained altar of Trog.
   660 | D:2      | Reached XP level 3. HP: 17/33 MP: 3/3
  1997 | D:3      | Reached XP level 4. HP: 40/40 MP: 4/4
  2422 | D:3      | Found an opulent altar of Gozag.
  2494 | D:3      | Noticed a bullfrog
  2496 | D:3      | Killed a bullfrog
  2497 | D:3      | Reached XP level 5. HP: 46/48 MP: 5/5
  2718 | D:3      | Found a runed translucent door.
  2719 | D:3      | Noticed Crazy Yiuf
  2724 | D:3      | Killed Crazy Yiuf
  2725 | D:3      | Reached skill level 1 in Dodging
  2953 | D:4      | Noticed Menkaure
  2960 | D:4      | Killed Menkaure
  2961 | D:4      | Reached XP level 6. HP: 55/55 MP: 6/6
  3018 | D:4      | Noticed a yak
  3018 | D:4      | Noticed a yak
  3018 | D:4      | Noticed a yak
  3019 | D:4      | Noticed a yak
  3047 | D:3      | Slain by a yak

Illustrated notes

Levels and vault maps discovered:
D:1:      ncdulo_smallfort, layout_basic, minmay_misc_feat_diagonals
D:2:      layout_loops_ring, old_standard_altar
D:3:      layout_rooms, grunt_gozag_breadcrumbs, kennysheep_generic_room_3,
          uniq_crazy_yiuf_cottage
D:4:      minmay_clustersquares, layout_basic, uniq_menkaure

Skill      XL: |  1  2  3  4  5  6 |
---------------+-------------------+-----
Armour         | 3 4 |  4.0
Axes           | 3 4 |  4.3
Dodging        | 1 |  1.4
Shields        | 3 |  3.1
Fighting       | |  3.8
Stealth        | |  0.1

Action                   |  1- 3 |  4- 6 || total
-------------------------+-------+-------++-------
Melee: War axe           |   102 |    71 ||   173
       Tailslap          |    11 |     9 ||    20
Throw: Dart              |       |     3 ||     3
 Abil: Rolling Charge    |    22 |    14 ||    36
  Use: Potion            |       |     1 ||     1
       Scroll            |       |     3 ||     3
Armor: Scale mail        |    56 |    28 ||    84
Dodge: Dodged            |    22 |    16 ||    38
Block: Kite shield       |    46 |    29 ||    75
